 Dungeon Crawl Stone Soup version 0.25.0-9-g26727b657a (webtiles) character file.

Game seed: 18101331156168224080

149 theswoord the Slasher (level 5, 0/38 HPs)
             Began as a Demonspawn Gladiator on June 17, 2020.
             Was an Initiate of Wu Jian.
             Succumbed to a worker ant's poison
             ... on level 4 of the Dungeon.
             The game lasted 00:02:32 (2624 turns).

theswoord the Slasher (Demonspawn Gladiator)        Turns: 2624, Time: 00:02:33

Health: 0/38       AC:  6    Str: 13 (15) XL:     5   Next: 9%
Magic:  5/5        EV: 12    Int:  8 (9)  God:    Wu Jian [......]
Gold:   148        SH:  0    Dex: 12 (15) Spells: 4/4 levels left

rFire    . . .     SeeInvis .   a - +0 long sword
rCold    . . .     Gourm    .   (no shield)
rNeg     . . .     Faith    .   b - +0 leather armour
rPois    .         Spirit   .   c - +0 helmet
rElec    .         Reflect  .   j - +1 cloak
rCorr    .         Harm     .   (no gloves)
MR       .....                  (boots unavailable)
Stlth    +.........             (no amulet)
HPRegen  0.12/turn              (no ring)
MPRegen  0.09/turn              (no ring)

@: brilliant, lethally poisoned (0 -> -9), stab
A: hooves 3
a: Renounce Religion


You were on level 4 of the Dungeon.
You worshipped Wu Jian.
Wu Jian was noncommittal.
You were hungry.

You visited 1 branch of the dungeon, and saw 4 of its levels.

You collected 148 gold pieces.

Inventory:

Hand Weapons
 a - a +0 long sword (weapon)
Missiles
 d - 3 throwing nets (quivered)
Armour
 b - a +0 leather armour (worn)
 c - a +0 helmet (worn)
 e - a +0 pair of boots
 j - a +1 cloak (worn)
 k - a +0 cloak
 r - a +0 pair of gloves
 u - a +0 pair of gloves
Scrolls
 h - 2 scrolls of identify {unknown}
 m - a scroll of remove curse {unknown}
 n - 2 scrolls of immolation {unknown}
 o - a scroll of random uselessness {unknown}
 p - a scroll of teleportation {unknown}
 q - a scroll of enchant armour {unknown}
 t - 3 scrolls of blinking {unknown}
Potions
 i - a potion of invisibility
 w - a potion of might {unknown}
Comestibles
 f - 5 rations


   Skills:
 - Level 2.0 Fighting
 + Level 5.3 Long Blades
 - Level 1.7 Throwing
 - Level 2.6 Dodging


You had 4 spell levels left.
You didn't know any spells.
Your spell library was empty.

Dungeon Overview and Level Annotations

Branches:
Dungeon (4/15)
 Temple: D:4-7

Altars:
Wu Jian


Innate Abilities, Weirdness & Mutations

You have hooves in place of feet.


Message History

You closely miss the worker ant. Your kick misses the worker ant.
You closely miss the worker ant.
* * * LOW HITPOINT WARNING * * *
You feel sick.
The worker ant bites you but does no damage.
You hit the worker ant.
The worker ant is moderately wounded.
* * * LOW HITPOINT WARNING * * *
You feel sick.
The worker ant bites you but does no damage.
The worker ant bites you.
* * * LOW HITPOINT WARNING * * *
You closely miss the worker ant.
The worker ant is moderately wounded.
* * * LOW HITPOINT WARNING * * *
You feel sick. The worker ant bites you.
* * * LOW HITPOINT WARNING * * *
It was a potion of stabbing.
You feel ready to backstab.
You die...

.. .# ..
.# ##. .#
#.. .#
#..#.#
#####....#
........a#
#...@.#
......####
####. #


You could see a worker ant.

Vanquished Creatures
  Terence (D:2)
  A worker ant (D:4)
  2 adders (D:3)
  2 worms (D:2)
  A dart slug (D:1)
  2 leopard geckos
  5 orcs (D:3)
  4 giant cockroaches
  12 goblins
  8 hobgoblins
  4 jackals (D:1)
  4 bats
  2 frilled lizards (D:1)
  9 kobolds
  5 rats
62 creatures vanquished.

Notes
Turn   | Place    | Note
-------+----------+-------------------------------------------
     0 | D:1      | theswoord the Demonspawn Gladiator began the quest for the
                  | Orb.
     0 | D:1      | Reached XP level 1. HP: 16/16 MP: 1/1
   109 | D:1      | Reached skill level 3 in Long Blades
   127 | D:1      | Gained mutation: You have large cloven feet. [demonic
                  | ancestry]
   127 | D:1      | Reached XP level 2. HP: 18/22 MP: 2/2
   548 | D:1      | Gained mutation: You have hoof-like feet. [demonic
                  | ancestry]
   548 | D:1      | Reached XP level 3. HP: 24/27 MP: 3/3
   672 | D:1      | Reached skill level 4 in Long Blades
   730 | D:2      | Noticed Terence
   740 | D:2      | Killed Terence
  1023 | D:2      | Gained mutation: You have hooves in place of feet. [demonic
                  | ancestry]
  1023 | D:2      | Reached XP level 4. HP: 33/33 MP: 4/4
  1896 | D:3      | Reached skill level 5 in Long Blades
  2201 | D:3      | Found an ornate altar of the Wu Jian Council.
  2240 | D:3      | Became a worshipper of the Wu Jian Council
  2620 | D:4      | Reached XP level 5. HP: 13/38 MP: 5/5
  2623 | D:4      | HP: 1/38 [worker ant (6)]
  2624 | D:4      | Succumbed to a worker ant's poison

Skill      XL: |  1  2  3  4 |
---------------+-------------+-----
Long Blades    | 3 4 5 |  5.3
Fighting       | |  2.0
Throwing       | |  1.7
Dodging        | |  2.6

Action                   |  1- 3 |  4- 6 || total
-------------------------+-------+-------++-------
Melee: Long sword        |    67 |    77 ||   144
       Kick              |    18 |    19 ||    37
Invok: Lunge             |       |     1 ||     1
  Use: Potion            |       |     5 ||     5
 Stab: Invisible         |       |     3 ||     3
  Eat: Chunk             |       |     5 ||     5
Armor: Leather armour    |    22 |    23 ||    45
Dodge: Dodged            |    60 |    66 ||   126
       Rpst.: Long sword |    20 |    15 ||    35

Levels and vault maps discovered:
D:1:      minmay_arrival_nine_rooms, layout_rooms
D:2:      layout_basic, serial_curves, eino_curves_02, eino_curves_01,
          uniq_terence
D:3:      layout_basic, lemuel_crystal_altar, serial_curves, eino_curves_01,
          eino_curves_03
D:4:      layout_basic, minmay_temple_entry_large_hall,
          sigmund_edmund_badplayer, uniq_duvessa, uniq_eustachio
